AoeStats
← PJRC

Oasis

508674728Analyzed
3v3 RM · 8d ago on Sep 23, 2026· 36m 6s· 6 players
Game mode
Random Map
Map size
Normal (6 player)
Population
200
Speed
Normal
Resources
Standard
Victory
Conquest
Starting age
Dark Age
Ending age
Imperial Age
RankedLock teamsTeams togetherTeam positionsShared explorationLock speedFull tech treeHidden civsTurbo modeCheats
Victory
Defeat
🇬🇧 Sicilians · United Kingdom
603
+13
🇻🇳 Japanese · Vietnam
573
+14
🇵🇹 Celts · Portugal
572
+14
🇧🇷 Persians · Brazil
593
-29
🇪🇸 Chinese · Spain
526
-13
🇬🇧 Inca · United Kingdom
482
-12
Ziro3989
11:25 Loom
14:12 Feudal Age
14:59 Double-Bit Axe
22:41 Castle Age
26:35 Thumb Ring
29:35 Bow Saw
29:08 Horse Collar
33:06 Fletching
33:17 Padded Archer Armor
Leggy Mountbatten
0:33 Loom
11:55 Feudal Age
12:19 Horse Collar
12:45 Gold Mining
18:24 Castle Age
17:01 Double-Bit Axe
18:25 Stone Mining
19:09 Heavy Plow
20:35 Bow Saw
24:53 Caravan
28:16 Arson
28:32 Squires
27:53 Pikeman
31:10 Town Watch
33:33 Town Patrol
naniga
14:08 Feudal Age
17:56 Wheelbarrow
17:21 Double-Bit Axe
18:30 Scale Barding Armor
18:26 Scale Mail Armor
18:27 Padded Archer Armor
18:18 Fletching
18:39 Forging
20:15 Town Watch
20:18 Loom
21:27 Horse Collar
22:06 Man-at-Arms
25:52 Bloodlines
34:15 Castle Age
XRAdxSKiLLzX
17:39 Feudal Age
18:01 Horse Collar
19:33 Double-Bit Axe
20:27 Wheelbarrow
20:57 Stone Mining
21:00 Gold Mining
25:50 Castle Age
25:59 Castle Age
24:59 Forging
26:11 Scale Mail Armor
27:29 Iron Casting
31:46 Chain Mail Armor
32:51 Bow Saw
32:46 Heavy Plow
33:13 Caravan
34:00 Stone Shaft Mining
PJRC
0:36 Loom
15:31 Feudal Age
17:28 Double-Bit Axe
17:26 Horse Collar
18:23 Wheelbarrow
17:34 Town Watch
17:11 Man-at-Arms
17:38 Arson
17:46 Stone Mining
17:48 Gold Mining
23:04 Scale Mail Armor
23:15 Forging
23:12 Scale Barding Armor
22:57 Fletching
24:20 Padded Archer Armor
27:26 Castle Age
27:29 Long Swordsman
27:37 Pikeman
28:03 Gambesons
27:40 Elite Skirmisher
28:04 Light Cavalry
28:18 Crossbowman
31:09 Stone Shaft Mining
31:12 Gold Shaft Mining
30:41 Heavy Plow
30:53 Bow Saw
31:38 Husbandry
32:08 Hand Cart
32:19 Fervor
32:32 Fortified Wall
32:44 Ballistics
33:27 Herbal Medicine
34:39 Murder Holes
34:55 Masonry
34:53 Stronghold
35:43 Caravan
no
11:55 Feudal Age
16:33 Castle Age
14:24 Horse Collar
14:55 Double-Bit Axe
18:22 Wheelbarrow
19:04 Heavy Plow
19:17 Bow Saw
29:30 Imperial Age
27:16 Hand Cart
29:15 Treadmill Crane
29:37 Elite Samurai
30:38 Conscription
31:30 Stone Mining
31:31 Gold Mining
33:27 Two-Man Saw
33:12 Gold Shaft Mining
34:09 Chemistry
33:36 Forging
33:27 Scale Mail Armor
35:30 Chain Mail Armor
35:50 Iron Casting
Connection lost

Rejoining the realm…

Still unreachable

The connection could not be restored.

Session expired

The server has moved on; the page needs a fresh start.